 Dungeon Crawl Stone Soup version 0.22.1-1-ga44c0e56f4 (webtiles) character file.

25 Gargoyl the Skirmisher (level 2, -2/26 HPs)
             Began as a Centaur Abyssal Knight on Nov 8, 2018.
             Was a Follower of Lugonu.
             Slain by an adder (3 damage)
             ... on level 2 of the Dungeon.
             The game lasted 00:02:04 (1143 turns).

Gargoyl the Skirmisher (Centaur Abyssal Knight)     Turns: 1143, Time: 00:02:04

Health: -2/26      AC:  5    Str: 14    XL:     2   Next: 82%
Magic:  3/3        EV:  5    Int: 11    God:    Lugonu [*.....]
Gold:   80         SH:  0    Dex:  8    Spells: 1/1 levels left

rFire    + . .     SeeInvis .   a - +1 hand axe
rCold    . . .     Gourm    .   (no shield)
rNeg     . . .     Faith    .   b - +0 leather armour
rPois    .         Spirit   .   f - +0 helmet
rElec    .         Reflect  .   (no cloak)
rCorr    .         Harm     .   (no gloves)
MR       .....                  (no barding)
Stlth    ..........             (no amulet)
HPRegen  0.08/turn              d - ring of protection from fire
MPRegen  0.08/turn              k - -4 ring of evasion (curse)

@: lethally poisoned (-2 -> -12), very slightly contaminated, very quick
A: large, hooves 3, deformed body, speed 2, tough skin 3
a: Depart the Abyss, Renounce Religion


You were on level 2 of the Dungeon.
You worshipped Lugonu.
Lugonu was aware of your devotion.
You were not hungry.

You visited 1 branch of the dungeon, and saw 2 of its levels.
You visited the Abyss 1 time.

You collected 80 gold pieces.

Inventory:

Hand Weapons
 a - a +1 hand axe (weapon)
Armour
 b - a +0 leather armour (worn)
 f - a +0 helmet (worn)
Jewellery
 d - a ring of protection from fire (left hand)
 e - an uncursed ring of resist corrosion
 k - a cursed -4 ring of evasion (right hand)
Scrolls
 i - a scroll of identify
Potions
 g - 2 potions of flight
 h - a potion of curing
Comestibles
 c - 2 rations


   Skills:
 + Level 3.3 Fighting
 + Level 2.0 Axes
 * Level 1.9 Armour
 + Level 0.7 Dodging
 * Level 2.3 Invocations


You had one spell level left.
You didn't know any spells.
Your spell library was empty.

Dungeon Overview and Level Annotations

Branches:
Dungeon (2/15)

Altars:


Innate Abilities, Weirdness & Mutations

You have hooves in place of feet.
Armour fits poorly on your strangely shaped body.
You cover ground very quickly.
You have extremely tough skin. (AC +3)


Message History

You hit the adder. Your kick misses the adder.
The adder is heavily wounded.
You feel sick. The adder bites you.
* * * LOW HITPOINT WARNING * * *
You are more poisoned.
The adder poisons you!
You hit the adder but do no damage.
The adder is heavily wounded.
* * * LOW HITPOINT WARNING * * *
You feel sick. The adder bites you but does no damage. The adder bites you.
* * * LOW HITPOINT WARNING * * *
You closely miss the adder.
The adder is heavily wounded.
* * * LOW HITPOINT WARNING * * *
You feel sick. The adder bites you but does no damage.
You closely miss the adder. Your kick misses the adder.
The adder is heavily wounded.
* * * LOW HITPOINT WARNING * * *
You feel sick. The adder bites you.
You die...

#.# #.# .. #.# #.##. #.#
#.#. # #.# #..##### ..
#.# #......# ...
.####.#######..# ....
...............# ...#
#....>....#.##.###....##
#.#########.##.)@S.....[
# #.###.......## #.#
#.......# #.. ....#.#.#
#####.#.#.# # #.#.# #
#.#$# #.#..


You could see an adder.

Vanquished Creatures
  2 dart slugs (D:1)
  A giant cockroach (D:1)
  2 goblins (D:1)
  A hobgoblin (D:1)
  2 jackals (D:1)
  5 bats (D:1)
  2 frilled lizards (D:1)
  6 kobolds
  A rat (D:1)
22 creatures vanquished.

Notes
Turn   | Place    | Note
-------+----------+-------------------------------------------
     0 | Abyss:1  | Gargoyl the Centaur Abyssal Knight began the quest for the
                  | Orb.
     0 | Abyss:1  | Reached XP level 1. HP: 19/19 MP: 2/2
   102 | D:1      | Escaped the Abyss
   442 | D:1      | Reached * piety under Lugonu
   443 | D:1      | Reached XP level 2. HP: 23/26 MP: 3/3
  1143 | D:2      | HP: 1/26 [poisoned by an adder]
  1143 | D:2      | Slain by an adder

Skill      XL: |  1  2 |
---------------+-------+-----
Axes           | 2 |  2.0
Fighting       | |  3.3
Armour         | |  1.9
Dodging        | |  0.7
Invocations    | |  2.3

Action                   || total
-------------------------++-------
Melee: Hand axe          ||    62
       Kick              ||     3
Invok: Depart the Abyss  ||     1
  Use: Scroll            ||     3
Armor: Leather armour    ||    49
Dodge: Dodged            ||    42
